 Dungeon Crawl Stone Soup version 0.31-a0-986-g5e6e4ef867 (webtiles) character file.

Game seed: 1544861734658532807

2 Whiskey the Ruffian (level 1, -1/13 HPs)
             Began as an Octopode Shapeshifter on Nov 11, 2023.
             Slain by a jackal (2 damage)
             ... on level 1 of the Dungeon.
             The game lasted 00:00:09 (54 turns).

Whiskey the Ruffian (Octopode Shapeshifter)           Turns: 54, Time: 00:00:09

Health: -1/13      AC:  1    Str: 13    XL:     1   Next: 30%
Magic:  1/1        EV: 13    Int: 12    God:
Gold:   0          SH:  0    Dex: 11    Spells: 0/0 levels left

rFire   . .          .
                       - Unarmed
rCold   . . .        (no shield)
rNeg    . . .        (helmet currently unavailable)
rPois   .            (no amulet)
rElec   .            (no ring)
rCorr   .            (no ring)
SInv    .            (no ring)
Will    .....        (no ring)
Stlth   ++           (no ring)
HPRegen 0.22/turn    (no ring)
MPRegen 0.07/turn    (no ring)
                     (no ring)

%: no passive effects
@: beast-form
A: beast (slay +1), almost no armour, amphibious, 8 rings, camouflage 1,
gelatinous body 1, (nimble swimmer 1), tentacles
a: Begin Untransformation


You were on level 1 of the Dungeon.
You were a hulking beast.
You visited 1 branch of the dungeon, and saw 1 of its levels.

Inventory:

Talismans
 b - a beast talisman
 c - a flux talisman
Scrolls
 d - a scroll of silence {unknown}
Potions
 a - a potion of lignification {!q}


   Skills:
 + Level 1.0 Fighting
 + Level 2.0 Dodging
 + Level 3.0 Unarmed Combat
 + Level 3.0 Shapeshifting


You couldn't memorise any spells.
You didn't know any spells.
Your spell library was empty.

Dungeon Overview and Level Annotations

Branches:
Dungeon (1/15)

Altars:


Innate Abilities, Weirdness & Mutations

You are a hulking beast.
Your limbs bulge with bestial killing power. (Slay +1)
You cannot wear most types of armour.
You are amphibious.
You can wear up to eight rings at the same time.
Your skin changes colour to match your surroundings (Stealth+).
Your rubbery body absorbs attacks. (AC +1, EV +1)
((You are camouflaged when in or above water. (Stealth+)))
You have tentacles for arms and can constrict up to eight enemies at once.


Message History

Options error: Unknown explore stop condition 'greedy_sacrificeable' (~/.crawlrc:946) Bad channel name 'Jiyva says' for runrest: 'Jiyva says: Divide and consume' Welcome, Whiskey the Octopode Shapeshifter.
Will you prevail where others failed? Will you find the Orb of Zot?
Found a staircase leading out of the dungeon.
You open the door.
There is an open door here.
You open the door.
There is an open door here.
You open the door.
There is an open door here.
You open the door.
There is an open door here.
You open the door.
There is an open door here.
d - a scroll labelled GEAZUL RYSUNU You open the door.
There is an open door here.
You open the door.
There is an open door here.
You open the door.
There is an open door here.
A jackal comes into view.
A jackal comes into view.
The jackal barks!
You hear an angry hiss.
You hear a bark!
A frilled lizard comes into view.
The jackal moves out of view.
A bat comes into view.
The bat hits you.
You take 1 damage, and have 12/13 hp.
You barely miss the bat. You grab the bat. You constrict the bat.
The bat barely misses you. The jackal barely misses you.
The bat closely misses you.
A jackal comes into view.
The jackal closely misses you.
The bat escapes!
You closely miss the jackal. Your grab misses the jackal. The bat hits you.
The jackal misses you.
You barely miss the bat. Your grab misses the bat. The bat closely misses you.
The jackal barely misses you.
The jackal barks!
You tentacle-slap the jackal. Your grab misses the jackal.
Your squeeze misses the jackal. The bat hits you but does no damage.
The jackal closely misses you. The bat closely misses you.
The jackal bites you.
You take 1 damage, and have 11/13 hp.
You barely miss the jackal. Your grab misses the jackal.
The bat closely misses you. The jackal closely misses you.
The jackal barely misses you.
You tentacle-slap the jackal.
You kill the jackal!
The jackal bites you. x2
You take 3 damage, and have 8/13 hp.
MASSIVE DAMAGE!!
You tentacle-slap the jackal. Your grab misses the jackal.
The jackal closely misses you. The jackal bites you.
The frilled lizard barely misses you. The jackal bites you.
The jackal barely misses you.
You take 4 damage, and have 4/13 hp.
MASSIVE DAMAGE!!
You are too injured to fight recklessly!
You are too injured to fight recklessly!
You are too injured to fight recklessly!
You are too injured to fight recklessly!
You are too injured to fight recklessly!
You are too injured to fight recklessly!
You are too injured to fight recklessly!
You are too injured to fight recklessly!
You are too injured to fight recklessly!
You are too injured to fight recklessly!
You tentacle-slap the frilled lizard.
You kill the frilled lizard!
You tentacle-slap the jackal. You grab the jackal.
You constrict the jackal, but do no damage.
The jackal escapes!
The jackal closely misses you. The jackal bites you.
You take 1 damage, and have 4/13 hp.
You tentacle-slap the jackal. You grab the jackal.
You tentacle-slap the jackal. You constrict the jackal. The jackal bites you.
* * * LOW HITPOINT WARNING * * *
The jackal bites you.
* * * LOW HITPOINT WARNING * * *
You take 3 damage, and have 1/13 hp.
MASSIVE DAMAGE!!
You tentacle-slap the jackal. You squeeze the jackal.
You kill the jackal!
The bat completely misses you. The jackal bites you.
You die...

##...###...##..
..
##.##'..<..#.##.#
#'#.##...##.....
##.####.##......
### #'#..!.#
...###.#..#.#
.............#
....###.#.##.##.#
.. ...#.hh....#
#######b#####
#.b.....#
#.##.##$# .. ...
# #. #.. # ##.#
.# ..


You could see a jackal and a bat.

Vanquished Creatures
  2 jackals (D:1)
  A frilled lizard (D:1)
3 creatures vanquished.

Notes
Turn   | Place    | Note
-------+----------+-------------------------------------------
     0 | D:1      | Whiskey the Octopode Shapeshifter began the quest for the
                  | Orb.
     0 | D:1      | Reached XP level 1. HP: 13/13 MP: 1/1
    53 | D:1      | HP: 2/13 [jackal (2)]
    54 | D:1      | Slain by a jackal

Illustrated notes

Levels and vault maps discovered:
D:1:      dpeg_arrival_rhombi, layout_loops_cross, serial_shops,
          nicolae_shop_statue_plus, nicolae_shop_hallway_stairs,
          nicolae_shop_bloodbath_and_beyond

Action                     || total
---------------------------++-------
  Melee: Unarmed           ||    11
         Constrict         ||     3
         Punch             ||     1
         Tentacles         ||     1
 Armour: Skin              ||    12
  Dodge: Dodged            ||    17

Table legend: (Time is in decaauts)
 A = Elapsed time spent in this place.
 B = Non-inter-level travel time spent in this place.
 C = Inter-level travel time spent in this place.
 D = Time resting spent in this place.
 E = Time spent auto-exploring this place.
 F = Levels seen in this place.
 G = Mean time per level.
                   A        B        C        D        E       F      G
               +--------+--------+--------+--------+--------+-----+--------+
         Total |     53 |     53 |      0 |      0 |     37 |   1 |   53.0 |
       Dungeon |     53 |     53 |      0 |      0 |     37 |   1 |   53.0 |
               +--------+--------+--------+--------+--------+-----+--------+

Top non-repeatable levels by time:
     D:1: 53 daAuts

Levels and vault maps discovered:
D:1:      dpeg_arrival_rhombi, layout_loops_cross, serial_shops,
          nicolae_shop_statue_plus, nicolae_shop_hallway_stairs,
          nicolae_shop_bloodbath_and_beyond

Table legend: (Time is in decaauts)
 A = Elapsed time spent in this place.
 B = Non-inter-level travel time spent in this place.
 C = Inter-level travel time spent in this place.
 D = Time resting spent in this place.
 E = Time spent auto-exploring this place.
 F = Levels seen in this place.
 G = Mean time per level.
                   A        B        C        D        E       F      G
               +--------+--------+--------+--------+--------+-----+--------+
         Total |     53 |     53 |      0 |      0 |     37 |   1 |   53.0 |
       Dungeon |     53 |     53 |      0 |      0 |     37 |   1 |   53.0 |
               +--------+--------+--------+--------+--------+-----+--------+

Top non-repeatable levels by time:
     D:1: 53 daAuts

Table legend:
 A = Kills in this place as a percentage of kills in the entire game.
 B = Kills by you in this place as a percentage of kills by you in the entire game.
 C = Kills by friends in this place as a percentage of kills by friends in the entire game.
 D = Other kills in this place as a percentage of other kills in the entire game.
 E = Experience gained in this place as a percentage of experience gained in the entire game.
 F = Experience gained in this place divided by the number of levels of this place that you have seen.
                   A       B       C       D       E      F
               +-------+-------+-------+-------+-------+----------------------
         Total | 100.0 | 100.0 |   N/A |   N/A | 100.0 |   5.0
       Dungeon | 100.0 | 100.0 |   N/A |   N/A | 100.0 |   5.0
               +-------+-------+-------+-------+-------+----------------------
